 Dungeon Crawl Stone Soup version 0.19.1 (webtiles) character file.

170 Keat the Cutter (level 5, -1/36 HPs)
             Began as a High Elf Fighter on Dec 16, 2016.
             Was a Follower of Dithmenos.
             Slain by a gnoll
             ... wielding a +0 whip
              (6 damage)
             ... on level 4 of the Dungeon.
             The game lasted 00:21:40 (3302 turns).

Keat the Cutter (High Elf Fighter)                  Turns: 3302, Time: 00:21:41

Health: -1/36      AC:  9    Str: 15    XL:     5   Next: 26%
Magic:  6/6        EV:  7    Int: 12    God:    Dithmenos [*.....]
Gold:   105        SH:  9    Dex: 15    Spells: 0 memorised, 4 levels left

rFire  . . .     SeeInvis .     a - +1 rapier
rCold  . . .     Gourm    .     b - +0 scale mail
rNeg   . . .     Faith    .     c - +0 shield
rPois  .         Spirit   .     i - +1 helmet
rElec  .         Reflect  .     (no cloak)
rCorr  .         Harm     .     (no gloves)
MR     .....                    (no boots)
Stlth  ..........               (no amulet)
                                (no ring)
                                (no ring)

@: wreathed by umbra
A: no striking features
a: Renounce Religion


You were on level 4 of the Dungeon.
You worshipped Dithmenos.
Dithmenos was aware of your devotion.
You were not hungry.

You visited 1 branch of the dungeon, and saw 4 of its levels.

You collected 105 gold pieces.

Inventory:

Hand Weapons
 a - a +1 rapier (weapon)
Armour
 b - a +0 scale mail (worn)
 c - a +0 shield (worn)
 e - a +0 shield
 i - a +1 helmet (worn)
 j - a +1 pair of gloves
 k - a +0 plate armour
 m - a +0 scale mail
 r - a +0 scale mail
Jewellery
 g - an uncursed ring of flight {unknown}
Scrolls
 l - a scroll of noise
 o - a scroll of amnesia {unknown}
Potions
 d - a potion of might
 n - a potion of magic {unknown}
Comestibles
 p - 4 fruits
 q - a meat ration


   Skills:
 + Level 3.3 Fighting
 + Level 4.2 Short Blades
 + Level 3.4 Armour
 + Level 1.0 Dodging
 + Level 0.2 Stealth
 + Level 3.7 Shields


You had 4 spell levels left.
You didn't know any spells.

Dungeon Overview and Level Annotations

Branches:
Dungeon (4/15)
 Temple: D:4-7

Altars:
Dithmenos
Okawaru
Ru


Message History

You block the gnoll's attack.
There is an open door here.
You closely miss the gnoll. The gnoll hits you with a whip.
* * * LOW HITPOINT WARNING * * *
The gnoll hits you but does no damage. x2
You hit the gnoll but do no damage. You block the gnoll's attack. x2
The gnoll closely misses you. The gnoll hits you with a whip.
* * * LOW HITPOINT WARNING * * *
The gnoll barely misses you. You block the gnoll's attack.
You hit the gnoll.
The gnoll is heavily wounded.
The gnoll's inner flame fades away.
The gnoll hits you from afar with a spear.
* * * LOW HITPOINT WARNING * * *
The gnoll misses you. The gnoll barely misses you.
You block the gnoll's attack.
As you read the scroll labeled MARREM ISEUPN, it crumbles to dust.
You hear the sound of one hand clapping.
It was a scroll of random uselessness.
The gnoll hits you with a whip.
You die...

#....#.......#...
#....#.......#...
#....#.......#...
#....#.......#...
#....#.......#...
#####....##..#####...
#############..)..#+###'####.....
.............)g#...........#.....
...............g@..........#.....
...............#g..........#.....
...............#...(.......#.....
...............#...........#.....
#....##..###.###############.....
#....##..###.# ..........
.............# ..........
.............# ..........
.............# ..........


You could see 3 gnolls.

Vanquished Creatures
  An orc wizard (D:2)
  2 adders
  4 gnolls
  An ooze (D:2)
  3 worms
  A dart slug (D:1)
  A leopard gecko (D:3)
  7 orcs
  A giant cockroach (D:2)
  4 goblins
  7 hobgoblins
  3 jackals (D:1)
  7 kobolds
  4 quokkas
  6 bats
  3 frilled lizards
  10 rats
65 creatures vanquished.

Notes
Turn   | Place    | Note
-------+----------+-------------------------------------------
     0 | D:1      | Keat the High Elf Fighter began the quest for the Orb.
     0 | D:1      | Reached XP level 1. HP: 16/16 MP: 2/2
   103 | D:1      | Reached XP level 2. HP: 13/21 MP: 3/3
   479 | D:1      | Reached XP level 3. HP: 26/26 MP: 4/4
   739 | D:2      | Found a faded altar of an unknown god.
   739 | D:2      | Found a shadowy altar of Dithmenos.
   756 | D:2      | Found a faded altar of an unknown god.
   769 | D:2      | Became a worshipper of Dithmenos the Shadowed
   774 | D:2      | Found a faded altar of an unknown god.
   776 | D:2      | Found a faded altar of an unknown god.
   880 | D:2      | Found a sacrificial altar of Ru.
   903 | D:2      | Reached skill level 3 in Short Blades
   903 | D:2      | Reached XP level 4. HP: 21/31 MP: 5/5
  1067 | D:2      | Found an iron altar of Okawaru.
  2253 | D:3      | Reached skill level 4 in Short Blades
  2568 | D:3      | Reached * piety under Dithmenos
  2568 | D:3      | Reached XP level 5. HP: 24/36 MP: 6/6
  2572 | D:3      | Reached skill level 1 in Dodging
  3302 | D:4      | Slain by a gnoll

Skill      XL: |  1  2  3  4  5 |
---------------+----------------+-----
Shields        | 3 |  3.7
Armour         | 3 |  3.4
Short Blades   | 3 4 |  4.2
Dodging        | 1 |  1.0
Fighting       | |  3.3
Stealth        | |  0.2

Action                   |  1- 3 |  4- 6 || total
-------------------------+-------+-------++-------
Melee: Rapier            |   104 |   146 ||   250
  Use: Scroll            |     5 |     4 ||     9
 Stab: Paralysed         |       |     1 ||     1
  Eat: Chunk             |       |     3 ||     3
       Bread ration      |       |     1 ||     1
Armor: Scale mail        |    56 |    57 ||   113
Dodge: Dodged            |    32 |    37 ||    69
Block: Shield            |    60 |    69 ||   129
